[Event "Festival Groningen-A 2024"]
[Site "Groningen"]
[Date "2024.12.28"]
[Round "7.13"]
[White "Labruyere, Roger"]
[Black "Duijker, Rick"]
[Result "1-0"]
[ECO "C18"]
[WhiteElo "2344"]
[BlackElo "2146"]
[Annotator "TA"]
[PlyCount "82"]
[EventDate "2024.12.21"]
[EventType "swiss"]
[EventCountry "NED"]
[SourceTitle "playchess.com"]
[Source "ChessBase"]
[SourceQuality "1"]
[TimeControl "40/5400+30:1800+30"]

1. e4 e6 2. d4 d5 3. Nc3 Bb4 4. e5 c5 5. a3 Bxc3+ 6. bxc3 Ne7 7. Qg4 O-O 8. Bd3 Nbc6 9. h4 (9. dxc5 Nxe5 10. Bxh7+ Kxh7 $17) (9. Nf3 f5 10. Qg3) 9... c4 {[%emt 0:09:59] [#]} (9... f5 $11 10. Qf4 Qc7) 10. Bh6 $1 $14 Ng6 $1 11. Bxg6 fxg6 12. Be3 Qe8 13. h5 gxh5 14. Rxh5 Ne7 {[%emt 0:03:03] Black is weak on the dark squares} 15. Ne2 Rf5 16. Rh3 ({White should try} 16. Rh4 $16) 16... Qg6 $1 17. Qxg6 $40 {[%emt 0:01:55][%mdl 128] White attacks.} (17. Qh4 {looks sharper.} Rf7 18. Kd2 Nf5 19. Qg5) 17... Nxg6 18. Kd2 Bd7 19. Rah1 h6 20. Ng3 Rff8 (20... Rf7 $1 $14) 21. Nh5 $16 Be8 {[%emt 0:06:45] [#]} 22. Nxg7 $1 Kxg7 23. Bxh6+ ({But not} 23. Rxh6 Rh8 24. Rxh8 Nxh8 $11) 23... Kg8 24. Bxf8 Nxf8 25. Rh8+ Kg7 26. f4 {[%emt 0:00:58] White is much more active.} Bg6 27. g4 Re8 {[%emt 0:05:40] [#]} (27... Be4 $142) 28. R8h2 $1 Nh7 29. Rf2 Rf8 30. Rhf1 Be4 31. Ke3 Kg6 (31... Rf7 $16) 32. Rb1 Rf7 33. a4 Nf8 34. f5+ exf5 $2 (34... Kg7 35. a5 (35. fxe6 Re7 $11) 35... exf5) 35. gxf5+ $18 Rxf5 36. Rxf5 Bxf5 37. Rxb7 Bxc2 38. Rxa7 {[%emt 0:00:07] aiming for a5.} Ne6 39. a5 {[%emt 0:00:16] Threatening mate with a6.} Ba4 40. Re7 Ng7 41. Rb7 Nf5+ 1-0

[Event "Festival Groningen-A 2024"]
[Site "Groningen"]
[Date "2024.12.28"]
[Round "7.14"]
[White "Albers, Sasa"]
[Black "Koster, Ramon"]
[Result "1/2-1/2"]
[ECO "B90"]
[WhiteElo "2268"]
[BlackElo "2330"]
[Annotator "TA"]
[PlyCount "42"]
[EventDate "2024.12.21"]
[EventType "swiss"]
[EventCountry "NED"]
[SourceTitle "playchess.com"]
[Source "ChessBase"]
[SourceQuality "1"]
[TimeControl "40/5400+30:1800+30"]

1. e4 c5 2. Nf3 d6 3. d4 cxd4 4. Nxd4 Nf6 5. Nc3 a6 6. Be3 e5 7. Nb3 Be7 8. f3 Be6 9. Qd2 h5 10. O-O-O Nbd7 11. Kb1 Rc8 12. f4 b5 13. h3 Qc7 14. Bd3 h4 15. Rhe1 O-O 16. f5 Bc4 17. g4 hxg3 {[%emt 0:01:12] and ...a5 should not be overlooked} 18. Rg1 b4 19. Nd5 Nxd5 (19... Bxd5 20. exd5 a5 21. Rxg3 $16) 20. exd5 {[%emt 0:00:08] Hoping for Bxc4.} Bh4 21. Bg5 Bxg5 1/2-1/2

[Event "Festival Groningen-A 2024"]
[Site "Groningen"]
[Date "2024.12.28"]
[Round "7.15"]
[White "Keuning, Selwin"]
[Black "Kazakouski, Valery"]
[Result "0-1"]
[ECO "B06"]
[WhiteElo "2180"]
[BlackElo "2567"]
[Annotator "TA"]
[PlyCount "146"]
[EventDate "2024.12.21"]
[EventType "swiss"]
[EventCountry "NED"]
[SourceTitle "playchess.com"]
[Source "ChessBase"]
[SourceQuality "1"]
[TimeControl "40/5400+30:1800+30"]

1. e4 c5 2. c3 d5 3. exd5 Qxd5 4. d4 g6 5. Nf3 Bg7 6. Na3 cxd4 7. Bc4 Qe4+ {[%emt 0:00:28] [#]} 8. Be3 $1 Nh6 (8... dxe3 $2 9. Bxf7+ Kxf7 (9... Kf8 $2 10. Qd8+ Kxf7 11. Ng5+ Kf6 12. Nxe4+ $18) 10. Ng5+ Ke8 11. Nxe4 $18) 9. cxd4 O-O 10. O-O Bg4 11. Bxh6 (11. Ng5 {feels hotter.} Qxe3 12. fxe3 Bxd1 13. Raxd1 Nc6 14. Bd5) 11... Bxh6 12. Re1 Bxf3 13. Rxe4 Bxd1 14. Rxd1 Bg5 15. Re5 Bf6 16. Rb5 Nc6 17. Rxb7 Nxd4 18. b3 Rfd8 {[%emt 0:07:21][%cal Od4f3] And now ...Nf3+! would win.} 19. Kf1 Rd6 20. Nc2 Nf5 (20... Nxc2 $2 {is the wrong capture.} 21. Rxd6 exd6 22. Rxf7 $18) 21. Rd7 a5 22. Ne3 Rxd1+ 23. Rxd1 Nxe3+ 24. fxe3 $11 {[%emt 0:00:01][%mdl 4096] Endgame KRB-KRB} Be5 25. h3 Kg7 26. Ke2 h5 27. Kf3 Bd6 28. Ke4 f5+ 29. Kf3 h4 30. Rd4 Ra7 31. Ke2 Bg3 32. Bb5 Rb7 33. Bc6 Rb6 34. Rc4 e6 35. Bf3 Kf7 36. e4 Rb5 37. Kd3 Kf6 38. Ke3 Kg5 39. Ke2 Bh2 40. Kf2 Bb8 41. Ke3 Ba7+ 42. Ke2 e5 43. Kd3 Bd4 44. Ra4 Bf2 45. Ke2 Bc5 46. Rc4 {[%emt 0:00:17] Hoping for a4.} Bb4 47. Ke3 Rb8 48. Be2 $1 Rd8 49. Bd3 Rd7 50. Rc2 Be7 51. Rc1 Rd4 52. Rc4 $1 Rd6 53. Rc1 Bd8 54. Rf1 Bb6+ 55. Ke2 Rf6 56. Bc2 Bd4 57. Bd3 Rf7 58. Bc4 Rc7 59. a4 (59. Bd3 $15) 59... fxe4 $17 {[%emt 0:01:34] Black is more active.} 60. Kd2 Rd7 61. Rf7 Rd6 62. Bb5 (62. Ke2 $17) 62... Bc5+ 63. Ke2 {[%emt 0:00:21] [#]} (63. Ke1 {was necessary.}) 63... e3 $1 $19 64. Bd3 $2 {[%emt 0:00:35] [#]} (64. Rf1) 64... e4 $1 65. Bxe4 (65. Ba6 Rxa6) 65... Rd2+ 66. Kf1 e2+ 67. Ke1 Bb4 68. Rb7 Rb2+ 69. Rxb4 axb4 70. a5 Kf4 71. a6 Kxe4 72. a7 Ke3 73. a8=Q Rb1# 0-1

[Event "Festival Groningen-A 2024"]
[Site "Groningen"]
[Date "2024.12.28"]
[Round "7.16"]
[White "De Boer, Bas"]
[Black "Van der Hagen, Loek"]
[Result "1/2-1/2"]
[ECO "A41"]
[WhiteElo "2157"]
[BlackElo "2315"]
[Annotator "RC"]
[PlyCount "70"]
[EventDate "2024.12.21"]
[EventType "swiss"]
[EventCountry "NED"]
[SourceTitle "playchess.com"]
[Source "ChessBase"]
[SourceQuality "1"]
[TimeControl "40/5400+30:1800+30"]

1. Nf3 g6 2. e4 Bg7 3. c4 d6 4. d4 Bg4 5. Be2 e5 6. Be3 Nc6 7. d5 Bxf3 8. Bxf3 Nd4 9. h4 Nxf3+ 10. Qxf3 h5 11. Nc3 Bh6 12. O-O-O Bxe3+ 13. Qxe3 Nh6 14. Kb1 a6 15. f3 Kf8 16. Rc1 Qe7 17. Nd1 b6 18. Nf2 Kg7 19. Nd3 a5 20. a4 f5 21. b3 fxe4 22. Qxe4 Nf5 23. Rh3 Raf8 24. Rg1 Nd4 25. Kb2 Rf5 26. Qe1 Qf6 27. Nf2 Rf4 28. Ne4 Qf5 29. Qe3 Rf8 30. Re1 Rf7 31. Qc3 Rf8 32. Re3 Kh6 33. Re1 Kg7 34. Re3 Kh6 35. Re1 Kg7 1/2-1/2

[Event "Festival Groningen-A 2024"]
[Site "Groningen"]
[Date "2024.12.28"]
[Round "7.17"]
[White "Avetisyan, Ani"]
[Black "De Jong, Migchiel"]
[Result "0-1"]
[ECO "B08"]
[WhiteElo "2059"]
[BlackElo "2275"]
[Annotator "RC"]
[PlyCount "132"]
[EventDate "2024.12.21"]
[EventType "swiss"]
[EventCountry "NED"]
[SourceTitle "playchess.com"]
[Source "ChessBase"]
[SourceQuality "1"]
[TimeControl "40/5400+30:1800+30"]

1. d4 d6 2. e4 Nf6 3. Nc3 e5 4. Nf3 Nbd7 5. Be2 g6 6. h3 Bg7 7. Be3 O-O 8. O-O c6 9. a4 Re8 10. dxe5 dxe5 11. Bc4 Qe7 12. Qe2 b6 13. Rad1 a6 14. Bb3 Nc5 15. Bxc5 Qxc5 16. Qe3 Bf8 17. Ng5 Ra7 18. Kh1 h6 19. Nf3 Nh5 20. Qxc5 Bxc5 21. Nxe5 Rxe5 22. Rd8+ Kg7 23. Rxc8 Nf6 24. f3 Nh5 25. Rd1 Rd7 26. g4 Rxd1+ 27. Nxd1 Nf4 28. Rxc6 Nxh3 29. Bd5 Nf4 30. Nc3 h5 31. a5 hxg4 32. fxg4 Re8 33. Rxc5 bxc5 34. Bb7 Rb8 35. Bxa6 Ra8 36. Bc4 Rxa5 37. Kh2 Ra1 38. Kg3 g5 39. Nb5 Rc1 40. c3 Rc2 41. Nd6 Ne6 42. e5 Rxb2 43. Ne4 Rc2 44. Bxe6 fxe6 45. Kf3 Kg6 46. Ke3 c4 47. Kd4 Re2 48. Nf6 Re1 49. Ne4 Rd1+ 50. Kxc4 Rd5 51. Nc5 Rxe5 52. Kd4 Re2 53. Ne4 Rg2 54. Ke5 Rxg4 55. c4 Rxe4+ 56. Kxe4 Kf6 57. Kd4 Ke7 58. c5 Kd7 59. Ke5 Kc6 60. Kd4 g4 61. Ke4 e5 62. Ke3 Kxc5 63. Ke4 Kd6 64. Ke3 Kd5 65. Kf2 Ke4 66. Kg3 Kd3 0-1

[Event "Festival Groningen-A 2024"]
[Site "Groningen"]
[Date "2024.12.28"]
[Round "7.18"]
[White "Ten Dam, Bram"]
[Black "Madularea, David"]
[Result "1/2-1/2"]
[ECO "B46"]
[WhiteElo "2002"]
[BlackElo "2245"]
[Annotator "RC"]
[PlyCount "74"]
[EventDate "2024.12.21"]
[EventType "swiss"]
[EventCountry "NED"]
[SourceTitle "playchess.com"]
[Source "ChessBase"]
[SourceQuality "1"]
[TimeControl "40/5400+30:1800+30"]

1. e4 c5 2. Nf3 e6 3. d4 cxd4 4. Nxd4 Nc6 5. Nc3 a6 6. Be3 Nf6 7. Bd3 Ne5 8. h3 b5 9. f4 Nxd3+ 10. cxd3 Bb7 11. O-O Rc8 12. Qd2 Be7 13. Rac1 O-O 14. g4 d6 15. a4 b4 16. Nce2 Qd7 17. b3 a5 18. Nf3 Rxc1 19. Rxc1 Rc8 20. Rxc8+ Qxc8 21. g5 Nd7 22. Qc1 Nc5 23. Bxc5 dxc5 24. Ne5 Qd8 25. Qe3 Qc7 26. Nc4 Bc6 27. Kf2 Be8 28. h4 h6 29. Ng3 hxg5 30. hxg5 f6 31. gxf6 Bxf6 32. e5 Bh4 33. Kg2 Bc6+ 34. Kh3 Bd8 35. Ne4 Qe7 36. Qg3 Kf8 37. Ncd6 Bxe4 1/2-1/2

[Event "Festival Groningen-A 2024"]
[Site "Groningen"]
[Date "2024.12.28"]
[Round "7.19"]
[White "Grooten, Tommy"]
[Black "Dolzhykova, Kateryna"]
[Result "0-1"]
[ECO "A15"]
[WhiteElo "2153"]
[BlackElo "2322"]
[Annotator "RC"]
[PlyCount "48"]
[EventDate "2024.12.21"]
[EventType "swiss"]
[EventCountry "NED"]
[SourceTitle "playchess.com"]
[Source "ChessBase"]
[SourceQuality "1"]
[TimeControl "40/5400+30:1800+30"]

1. Nf3 Nf6 2. c4 g6 3. b4 a5 4. b5 Bg7 5. Bb2 a4 6. a3 c6 7. Nc3 Qa5 8. Qc2 O-O 9. e4 Rd8 10. d4 d5 11. cxd5 cxd5 12. e5 Nh5 13. g3 f6 14. O-O-O Bg4 15. Be2 e6 16. h3 Bxf3 17. Bxf3 fxe5 18. dxe5 Nd7 19. Kb1 Nxe5 20. Bxh5 gxh5 21. Qe2 Nc4 22. Nxd5 Nxb2 23. Ne7+ Kh8 24. Rxd8+ Qxd8 0-1

[Event "Festival Groningen-A 2024"]
[Site "Groningen"]
[Date "2024.12.28"]
[Round "7.20"]
[White "Boeren, Jurriaan"]
[Black "Weber, Samuel"]
[Result "0-1"]
[ECO "C90"]
[WhiteElo "2147"]
[BlackElo "2263"]
[Annotator "RC"]
[PlyCount "70"]
[EventDate "2024.12.21"]
[EventType "swiss"]
[EventCountry "NED"]
[SourceTitle "playchess.com"]
[Source "ChessBase"]
[SourceQuality "1"]
[TimeControl "40/5400+30:1800+30"]

1. e4 e5 2. Nf3 Nc6 3. Bb5 a6 4. Ba4 Nf6 5. O-O Be7 6. Re1 b5 7. Bb3 d6 8. a4 Bd7 9. c3 O-O 10. d4 Bg4 11. Be3 Na5 12. Bc2 Nc4 13. Bc1 exd4 14. cxd4 d5 15. e5 Ne4 16. Nc3 Nxc3 17. bxc3 Bh5 18. Bf5 b4 19. Qd3 b3 20. Rb1 Rb8 21. Re2 Bg6 22. e6 Bxf5 23. Qxf5 f6 24. h4 g6 25. Qd3 Kh8 26. Bh6 Rg8 27. Nd2 g5 28. hxg5 fxg5 29. Rxb3 Rg6 30. Rxb8 Qxb8 31. Nxc4 dxc4 32. Qh3 Qb1+ 33. Kh2 Qf1 34. Re5 Qxf2 35. Rd5 Qf6 0-1

[Event "Festival Groningen-A 2024"]
[Site "Groningen"]
[Date "2024.12.28"]
[Round "7.21"]
[White "Mohammed, Dilshad"]
[Black "Bakija, Alan"]
[Result "1/2-1/2"]
[ECO "C41"]
[WhiteElo "2078"]
[BlackElo "2233"]
[Annotator "RC"]
[PlyCount "106"]
[EventDate "2024.12.21"]
[EventType "swiss"]
[EventCountry "NED"]
[SourceTitle "playchess.com"]
[Source "ChessBase"]
[SourceQuality "1"]
[TimeControl "40/5400+30:1800+30"]

1. Nf3 d6 2. d4 Nf6 3. Nc3 Nbd7 4. e4 e5 5. Bc4 Be7 6. h3 h6 7. Be3 c6 8. a4 Qc7 9. a5 Nf8 10. Qe2 Be6 11. Bxe6 Nxe6 12. d5 cxd5 13. exd5 Nc5 14. Nb5 Qc8 15. Nxe5 O-O 16. Nc4 Nxd5 17. Nbxd6 Qc6 18. Nf5 Bf6 19. O-O Rfe8 20. Qh5 g6 21. Nxh6+ Kg7 22. Qf3 Ne4 23. Ng4 Qxc4 24. Bh6+ Kg8 25. c3 Bh8 26. Rad1 Rad8 27. Rfe1 f5 28. Nh2 Kh7 29. Bc1 Be5 30. Nf1 Ndf6 31. Qe3 f4 32. Qxa7 Qc6 33. Rxd8 Rxd8 34. Nh2 Bb8 35. Qb6 Qxb6 36. axb6 Nc5 37. Nf3 Kg8 38. Bd2 Nb3 39. Re2 Rd6 40. c4 Rxb6 41. Bc3 Kf8 42. Ng5 Nc1 43. Rc2 Na2 44. Bxf6 Rxf6 45. Nh7+ Kf7 46. Nxf6 Kxf6 47. Rd2 Be5 48. Rd5 b6 49. Kf1 Nc1 50. Rd1 Nb3 51. Rd3 Nc1 52. Rd1 Nb3 53. Rd3 Nc1 1/2-1/2

[Event "Festival Groningen-A 2024"]
[Site "Groningen"]
[Date "2024.12.28"]
[Round "7.22"]
[White "Grooten, Herman"]
[Black "Kazarjan, Gachatur"]
[Result "0-1"]
[ECO "E17"]
[WhiteElo "2183"]
[BlackElo "2067"]
[Annotator "RC"]
[PlyCount "180"]
[EventDate "2024.12.21"]
[EventType "swiss"]
[EventCountry "NED"]
[SourceTitle "playchess.com"]
[Source "ChessBase"]
[SourceQuality "1"]
[TimeControl "40/5400+30:1800+30"]

1. Nf3 d5 2. c4 e6 3. g3 Nf6 4. Bg2 Be7 5. b3 O-O 6. O-O b6 7. Bb2 Bb7 8. cxd5 exd5 9. d4 Nbd7 10. Nc3 c5 11. dxc5 Nxc5 12. Nb5 Nfe4 13. Rc1 Qd7 14. Nbd4 Bf6 15. Rc2 Rac8 16. Qb1 Rc7 17. Rd1 Re8 18. e3 Ba6 19. Ne1 h6 20. Ndf3 Rec8 21. Bxf6 Nxf6 22. Nd4 Nce4 23. Rdc1 Rc5 24. Qb2 R8c7 25. b4 Rxc2 26. Rxc2 Bc4 27. Nef3 Qc8 28. Qc1 Ng4 29. h3 Ngxf2 30. Rxf2 Bd3 31. Qb2 Rc1+ 32. Kh2 Nxg3 33. Ne5 Qc7 34. Nb3 Rc3 35. Nxd3 Rxd3 36. Kg1 Rxe3 37. Bxd5 Re7 38. Qd2 Nh5 39. Bg2 Re5 40. Nd4 Rg5 41. Nf5 Qe5 42. Qd8+ Kh7 43. Qd3 Nf4 44. Rxf4 Qxf4 45. Ne3+ g6 46. Nd5 Qe5 47. a4 Rg3 48. Qc4 Kg7 49. b5 h5 50. Nf4 Rc3 51. Qf1 Ra3 52. Qc4 h4 53. Ne2 Qa1+ 54. Kf2 Rxa4 55. Qc3+ Qxc3 56. Nxc3 Ra3 57. Ne4 f5 58. Nd6 a6 59. bxa6 Rxa6 60. Bf1 Ra3 61. Nc4 Rb3 62. Nd2 Rb4 63. Ke3 g5 64. Bd3 Kf6 65. Nf3 Rb3 66. Nd4 Ra3 67. Nb5 Ra1 68. Nd4 Re1+ 69. Kf2 Re5 70. Nf3 Rd5 71. Ke3 b5 72. Bc2 b4 73. Nd2 Rc5 74. Bd3 Rc1 75. Kd4 Rd1 76. Nc4 g4 77. Ne3 g3 78. Ng2 Kg5 79. Ke3 b3 80. Ke2 Rh1 81. Ne1 Rh2+ 82. Kf1 Rxh3 83. Nf3+ Kf4 84. Kg2 b2 85. Bb1 Rh1 86. Kxh1 Kxf3 87. Kg1 h3 88. Bxf5 h2+ 89. Kh1 g2+ 90. Kxh2 Kf2 0-1

[Event "Festival Groningen-A 2024"]
[Site "Groningen"]
[Date "2024.12.28"]
[Round "7.23"]
[White "Mareau, Timothe"]
[Black "Zecha, Oscar"]
[Result "1-0"]
[ECO "C23"]
[WhiteElo "2168"]
[BlackElo "2134"]
[Annotator "RC"]
[PlyCount "121"]
[EventDate "2024.12.21"]
[EventType "swiss"]
[EventCountry "NED"]
[SourceTitle "playchess.com"]
[Source "ChessBase"]
[SourceQuality "1"]
[TimeControl "40/5400+30:1800+30"]

1. e4 e5 2. Bc4 Nf6 3. Qf3 Nc6 4. Ne2 Bc5 5. d3 d6 6. Bg5 h6 7. Bxf6 Qxf6 8. Qxf6 gxf6 9. Ng3 Nd4 10. Kd2 b5 11. Bb3 Nxb3+ 12. axb3 Bxf2 13. Nh5 Bh4 14. h3 Ke7 15. g4 b4 16. Ke2 Be6 17. Nd2 c5 18. Ra6 Bc8 19. Ra5 Rg8 20. Nc4 f5 21. exf5 Bb7 22. Rha1 a6 23. Ne3 f6 24. c4 bxc3 25. bxc3 Bg5 26. b4 Bxe3 27. Kxe3 cxb4 28. Rb1 Rgb8 29. Rxb4 Bc8 30. Rc4 Bd7 31. Ng3 Rb5 32. Rca4 Rc8 33. c4 Rb2 34. Ra2 Rb3 35. Ne4 h5 36. Rxa6 hxg4 37. hxg4 Rg8 38. Rxd6 Rb7 39. Nxf6 Kxd6 40. Nxg8 Bc6 41. Nf6 Rb1 42. Ne4+ Ke7 43. Ra5 Re1+ 44. Kf2 Rd1 45. Rxe5+ Kf8 46. Ke3 Bb7 47. g5 Bc6 48. f6 Rg1 49. Kf4 Rf1+ 50. Kg4 Bd7+ 51. Kg3 Rd1 52. Kf4 Be8 53. Nd6 Rf1+ 54. Ke3 Bg6 55. Rb5 Be8 56. Rb8 Kg8 57. f7+ Kh7 58. fxe8=Q Re1+ 59. Kf4 Rf1+ 60. Ke5 Rf5+ 61. Kxf5 1-0

[Event "Festival Groningen-A 2024"]
[Site "Groningen"]
[Date "2024.12.28"]
[Round "7.24"]
[White "Ivanov, Dmytry"]
[Black "Kanis, Sierk"]
[Result "0-1"]
[ECO "D00"]
[WhiteElo "2072"]
[BlackElo "2116"]
[Annotator "NA RC"]
[PlyCount "80"]
[EventDate "2024.12.21"]
[EventType "swiss"]
[EventCountry "NED"]
[SourceTitle "playchess.com"]
[Source "ChessBase"]
[SourceQuality "1"]
[TimeControl "40/5400+30:1800+30"]

1. d4 Nf6 2. Bg5 d5 3. Bxf6 exf6 4. e3 Bd6 5. c4 dxc4 6. Bxc4 O-O 7. Nc3 a6 {[%emt 0:07:38] D00: 1 d4 d5: Unusual lines.} 8. Nge2 b5 9. Bd5 Ra7 10. a4 b4 11. Ne4 Be7 12. Qb3 c6 13. Bc4 Nd7 14. a5 f5 15. N4g3 Nf6 16. Nf4 c5 17. d5 Bd6 18. Nge2 Re8 19. h4 Ng4 20. Nd3 Bd7 21. Qc2 Qc7 22. b3 Raa8 (22... f4 $19 23. exf4 Bxf4) 23. g3 $17 Ne5 24. Nxe5 Bxe5 25. Ra2 Qd6 26. O-O g6 27. Rc1 Qf6 28. Qd3 h6 29. d6 Bc6 30. Bxa6 Be4 31. Qc4 Qxd6 32. Bb5 Red8 33. Kh2 Rac8 34. a6 Qe7 35. f4 Bb8 36. Nd4 Bd5 37. Qc2 Qxe3 38. Nc6 Bxc6 39. Qxc5 Rd2+ 40. Rxd2 Qxd2+ 0-1

[Event "Festival Groningen-A 2024"]
[Site "Groningen"]
[Date "2024.12.28"]
[Round "7.25"]
[White "Van Roon, Sjoerd"]
[Black "Khoo-Thwe, Louis"]
[Result "0-1"]
[ECO "C45"]
[WhiteElo "2285"]
[BlackElo "2124"]
[Annotator "RC"]
[PlyCount "106"]
[EventDate "2024.12.21"]
[EventType "swiss"]
[EventCountry "NED"]
[SourceTitle "playchess.com"]
[Source "ChessBase"]
[SourceQuality "1"]
[TimeControl "40/5400+30:1800+30"]

1. e4 e5 2. Nf3 Nc6 3. d4 exd4 4. Nxd4 Bc5 5. Nb3 Bb6 6. Nc3 Nge7 7. Qe2 O-O 8. Be3 d6 9. O-O-O f5 10. f4 fxe4 11. g3 Bxe3+ 12. Qxe3 Nf5 13. Qxe4 Re8 14. Qf3 Ne3 15. Re1 Bg4 16. Qf2 Nxf1 17. Rxe8+ Qxe8 18. Rxf1 Qf7 19. Re1 Re8 20. Rxe8+ Qxe8 21. Kd2 Qh5 22. h4 Be6 23. Qe3 Kf7 24. Nd4 Nxd4 25. Qxd4 Qf3 26. Qxa7 Qxg3 27. Ne2 Qg2 28. Qa5 Qd5+ 29. Qxd5 Bxd5 30. a4 c5 31. a5 Ke6 32. Ng3 Bg2 33. Ke3 g6 34. c3 d5 35. Kd3 Kd6 36. b4 Kc6 37. h5 Kb5 38. bxc5 Kxc5 39. h6 Bh3 40. Ne2 Bf1 41. Kd2 Bxe2 42. Kxe2 Kc4 43. Kd2 d4 44. cxd4 Kxd4 45. Kc2 Ke4 46. Kc3 Kxf4 47. Kd4 g5 48. Kc5 g4 49. Kb6 g3 50. Kxb7 g2 51. a6 g1=Q 52. a7 Kg5 53. a8=Q Qg2+ 0-1

[Event "Festival Groningen-A 2024"]
[Site "Groningen"]
[Date "2024.12.28"]
[Round "7.26"]
[White "Ponnio, Toni"]
[Black "Wempe, Joost"]
[Result "1/2-1/2"]
[ECO "E04"]
[WhiteElo "2111"]
[BlackElo "2233"]
[Annotator "RC"]
[PlyCount "98"]
[EventDate "2024.12.21"]
[EventType "swiss"]
[EventCountry "NED"]
[SourceTitle "playchess.com"]
[Source "ChessBase"]
[SourceQuality "1"]
[TimeControl "40/5400+30:1800+30"]

1. d4 Nf6 2. c4 e6 3. Nf3 d5 4. g3 Bb4+ 5. Nbd2 dxc4 6. Bg2 b5 7. O-O a5 8. a4 c6 9. Qc2 O-O 10. b3 cxb3 11. Nxb3 bxa4 12. Rxa4 Ba6 13. Rd1 Bb5 14. Ra2 h6 15. Ba3 Na6 16. Ne5 Qd6 17. Nxa5 Bxa3 18. Nac4 Qe7 19. Rxa3 Nb4 20. Qb2 Nbd5 21. Rda1 Rxa3 22. Rxa3 Bxc4 23. Nxc4 c5 24. dxc5 Qxc5 25. Ne5 Rc8 26. Nd3 Qc2 27. Qxc2 Rxc2 28. Ra8+ Kh7 29. Bf3 g5 30. Ne5 Kg7 31. Bxd5 Rxe2 32. Bxe6 Rxe5 33. Ba2 Ne4 34. Ra7 Rf5 35. Bb1 Re5 36. Bxe4 Rxe4 37. Ra6 g4 38. Kg2 Re2 39. Ra4 h5 40. Ra5 Kg6 41. Ra6+ f6 42. Ra5 Rb2 43. Rc5 Rb3 44. h3 f5 45. Rc6+ Kg7 46. hxg4 hxg4 47. Rd6 Rb2 48. Rc6 Kf7 49. Ra6 Kg7 1/2-1/2

[Event "Festival Groningen-A 2024"]
[Site "Groningen"]
[Date "2024.12.28"]
[Round "7.27"]
[White "Sharma, Dinesh K."]
[Black "Spit, Vincent"]
[Result "1/2-1/2"]
[ECO "B85"]
[WhiteElo "2200"]
[BlackElo "2113"]
[Annotator "RC"]
[PlyCount "81"]
[EventDate "2024.12.21"]
[EventType "swiss"]
[EventCountry "NED"]
[SourceTitle "playchess.com"]
[Source "ChessBase"]
[SourceQuality "1"]
[TimeControl "40/5400+30:1800+30"]

1. e4 c5 2. Nf3 e6 3. d4 cxd4 4. Nxd4 Nc6 5. Nc3 Qc7 6. Be2 Nf6 7. O-O Be7 8. Be3 a6 9. f4 d6 10. a4 O-O 11. Kh1 Re8 12. Bf3 Nxd4 13. Bxd4 e5 14. Be3 exf4 15. Bxf4 Be6 16. Re1 Nd7 17. Ne2 Ne5 18. Nd4 Bf6 19. c3 Rad8 20. Nxe6 Rxe6 21. Qc2 Ng6 22. Be3 Be5 23. Bg4 Ree8 24. Qf2 Qc4 25. Bb6 Rb8 26. Qe2 Qc6 27. a5 Nf4 28. Qd2 Qc4 29. Rad1 h5 30. Bf3 Qe6 31. g3 Qh3 32. Qf2 Ne6 33. Bg2 Qg4 34. Bf3 Qh3 35. Bg2 Qg4 36. Bf3 Qh3 37. Rf1 Rf8 38. Qg2 Qxg2+ 39. Kxg2 g6 40. Kf2 Kg7 41. h4 1/2-1/2

[Event "Festival Groningen-A 2024"]
[Site "Groningen"]
[Date "2024.12.28"]
[Round "7.28"]
[White "Noordenbos, Daan"]
[Black "Duson, Robin"]
[Result "1/2-1/2"]
[ECO "C70"]
[WhiteElo "2130"]
[BlackElo "2159"]
[Annotator "RC"]
[PlyCount "121"]
[EventDate "2024.12.21"]
[EventType "swiss"]
[EventCountry "NED"]
[SourceTitle "playchess.com"]
[Source "ChessBase"]
[SourceQuality "1"]
[TimeControl "40/5400+30:1800+30"]

1. e4 e5 2. Nf3 Nc6 3. Bb5 a6 4. Ba4 Bc5 5. O-O Nge7 6. Nxe5 Nxe5 7. d4 b5 8. Bb3 Bxd4 9. Qxd4 d6 10. f4 c5 11. Qc3 N5g6 12. Bd5 Nxd5 13. exd5 f6 14. h4 O-O 15. Qg3 Ne7 16. b3 Nxd5 17. Rd1 Nb4 18. Na3 Bb7 19. c3 Nc6 20. Nc2 Qd7 21. Be3 Qf5 22. Rac1 Rad8 23. Bf2 Ne7 24. Ne3 Qe4 25. Re1 Qc6 26. h5 d5 27. Ng4 Nf5 28. Qf3 Rfe8 29. Kh2 Kf7 30. Ne3 Nxe3 31. Rxe3 Rxe3 32. Bxe3 Qb6 33. Qg3 d4 34. cxd4 cxd4 35. Bd2 Rd7 36. f5 Be4 37. h6 g6 38. fxg6+ Bxg6 39. Rc8 Qd6 40. Bf4 Qd5 41. Rc7 Rxc7 42. Bxc7 d3 43. Ba5 Qe5 44. Qxe5 fxe5 45. Kg3 Ke6 46. Kf3 Kf5 47. Bd2 Bh5+ 48. Ke3 Be2 49. Bc3 e4 50. Bd2 Bd1 51. Bc3 Bc2 52. Bd2 Ke5 53. Bc3+ Kd5 54. Bd2 Bb1 55. g4 Ke5 56. Bc3+ Ke6 57. a4 Bc2 58. axb5 axb5 59. b4 Kf7 60. Bd2 Bd1 61. Kd4 1/2-1/2

[Event "Festival Groningen-A 2024"]
[Site "Groningen"]
[Date "2024.12.28"]
[Round "7.29"]
[White "Ratsma, Midas"]
[Black "Hummel, Paul"]
[Result "1/2-1/2"]
[ECO "B13"]
[WhiteElo "2326"]
[BlackElo "2160"]
[Annotator "RC"]
[PlyCount "76"]
[EventDate "2024.12.21"]
[EventType "swiss"]
[EventCountry "NED"]
[SourceTitle "playchess.com"]
[Source "ChessBase"]
[SourceQuality "1"]
[TimeControl "40/5400+30:1800+30"]

1. e4 c6 2. d4 d5 3. exd5 cxd5 4. c4 Nf6 5. Nc3 Nc6 6. Nf3 Bg4 7. cxd5 Nxd5 8. Qb3 Bxf3 9. gxf3 e6 10. Qxb7 Nxd4 11. Bb5+ Nxb5 12. Qc6+ Ke7 13. Qc5+ Ke8 14. Qxb5+ Qd7 15. Nxd5 exd5 16. Qd3 Bb4+ 17. Kf1 f6 18. Be3 Kf7 19. Rd1 Rad8 20. Rg1 Qh3+ 21. Ke2 Rhe8 22. Qb3 Bd6 23. Rxd5 Kf8 24. Rg4 Rb8 25. Qc2 Be5 26. Qc5+ Kg8 27. b3 Qxh2 28. Qc4 Kh8 29. Rh4 Qg1 30. Qe4 h6 31. Rd7 f5 32. Qxf5 Rb6 33. Bxb6 Bf4+ 34. Be3 Rxe3+ 35. fxe3 Qxe3+ 36. Kd1 Qc1+ 37. Ke2 Qe3+ 38. Kd1 Qc1+ 1/2-1/2

[Event "Festival Groningen-A 2024"]
[Site "Groningen"]
[Date "2024.12.28"]
[Round "7.30"]
[White "Wouters, Casper"]
[Black "Schilstra, Laurens"]
[Result "1-0"]
[ECO "B04"]
[WhiteElo "2110"]
[BlackElo "2150"]
[Annotator "RC"]
[PlyCount "87"]
[EventDate "2024.12.21"]
[EventType "swiss"]
[EventCountry "NED"]
[SourceTitle "playchess.com"]
[Source "ChessBase"]
[SourceQuality "1"]
[TimeControl "40/5400+30:1800+30"]

1. e4 Nf6 2. e5 Nd5 3. d4 d6 4. Nf3 c6 5. c4 Nc7 6. Be2 g6 7. O-O Bg7 8. Nc3 O-O 9. exd6 Qxd6 10. h3 Ne6 11. Ne4 Qc7 12. Nc3 Rd8 13. Be3 Nf4 14. Re1 Nxe2+ 15. Qxe2 Bf5 16. Bg5 Re8 17. Bh4 Nd7 18. g4 e5 19. d5 e4 20. Nh2 Be5 21. Bg3 Nc5 22. Bxe5 Rxe5 23. gxf5 Nd3 24. Ng4 Rxf5 25. Nxe4 Nxe1 26. Nh6+ Kh8 27. Nxf5 gxf5 28. d6 Qd7 29. Qxe1 fxe4 30. Qc3+ f6 31. Qxf6+ Qg7+ 32. Qxg7+ Kxg7 33. Re1 Re8 34. c5 Kf6 35. Kf1 Kf5 36. f3 e3 37. Ke2 h5 38. Rg1 Ke5 39. Rg5+ Kd4 40. b4 Kc4 41. a3 Kb3 42. Rg7 Rb8 43. Rc7 b6 44. b5 1-0